 Dungeon Crawl Stone Soup version 0.30.0-29-ga12c61a403 (webtiles) character file.

Game seed: 14515790742607749844

1062 monsoonserge the Conjurer (level 8, 0/62 HPs)
             Began as a Grey Draconian Conjurer on June 14, 2023.
             Killed from afar by an electric eel (8 damage)
             ... with a bolt of electricity
             ... on level 6 of the Dungeon.
             The game lasted 00:18:10 (5345 turns).

monsoonserge the Conjurer (Grey Draconian Conjurer) Turns: 5345, Time: 00:18:10

Health: 0/62       AC: 11    Str: 11    XL:     8   Next: 6%
Magic:  12/12      EV: 11    Int: 20    God:
Gold:   232        SH:  4    Dex:  9    Spells: 3/13 levels left

rFire   . . .        u - +9 war axe of Zin, Flying {flame, rCorr}
rCold   . . .        r - +0 buckler
rNeg    . . .        (body armour unavailable)
rPois   .            (helmet restricted)
rElec   .            (no cloak)
rCorr   +            (no gloves)
SInv    .            (no boots)
Will    .....        (no amulet)
Stlth   ++           s - ring of flight
HPRegen 0.30/turn    (no ring)
MPRegen 0.13/turn

%: no passive effects
@: flying
A: AC +11, amphibious, unfitting armour, cold-blooded
a: no special abilities


You were on level 6 of the Dungeon.
You visited 2 branches of the dungeon, and saw 7 of its levels.

You collected 232 gold pieces.

Inventory:

Hand Weapons
 c - a +0 long sword
 h - a +1 dagger of venom
 u - the +9 war axe of Zin, Flying (weapon) {flame, rCorr}
   (You found it on level 4 of the Dungeon)

   rCorr:     It protects you from acid and corrosion.
 z - a +1 shortbow of draining
Missiles
 e - 6 boomerangs (quivered)
 g - 9 poisoned darts
Armour
 r - a +0 buckler (worn)
Jewellery
 s - a ring of flight (left hand)
Wands
 x - a wand of acid (8)
 y - a wand of flame (15)
Scrolls
 b - a scroll of magic mapping {unknown}
 d - 2 scrolls of poison {unknown}
 i - 2 scrolls of enchant armour {unknown}
 n - 4 scrolls of identify {unknown}
 p - a scroll of fear {unknown}
 t - 2 scrolls of teleportation {unknown}
 C - a scroll of noise {unknown}
Potions
 a - a potion of magic
 f - 7 potions of curing {unknown}
 j - 3 potions of brilliance {unknown}
 k - 2 potions of degeneration {unknown}
 l - 2 potions of attraction {unknown}
 m - a potion of invisibility {unknown}
 o - 2 potions of haste
 q - a potion of berserk rage {unknown}
 v - a potion of lignification {unknown}
 w - 2 potions of ambrosia {unknown}
 A - a potion of might {unknown}
 B - a potion of heal wounds {unknown}


   Skills:
 + Level 2.7 Fighting
 - Level 1.5 Short Blades
 + Level 2.8 Axes
 + Level 0.2 Throwing
 + Level 3.1 Dodging
 + Level 2.9 Stealth
 * Level 3.4 Shields
 + Level 3.0 Spellcasting
 + Level 5.6 Conjurations
 * Level 2.8 Hexes
 * Level 1.8 Earth Magic


You had 3 spell levels left.
You knew the following spells:

 Your Spells              Type           Power      Damage    Failure   Level
a - Magic Dart            Conj           100%       1d8       1%          1
b - Searing Ray           Conj           50%        2d6       3%          2
c - Fulminant Prism       Conj/Hex       9%         3d7       34%         4
d - Stone Arrow           Conj/Erth      34%        3d9       13%         3

Your spell library contained the following spells:

 Spells                   Type           Power      Damage    Failure   Level
 Dazzling Flash           Conj/Hex       38%        N/A       11%         3
 Tukima's Dance           Hex            14%        N/A       19%         3
 Apportation              Tloc           6%         N/A       21%         1
 Necrotise                Necr           12%        1d4       21%         1
 Summon Small Mammal      Summ           12%        N/A       21%         1
 Lesser Beckoning         Tloc           6%         N/A       30%         2
 Portal Projectile        Hex/Tloc       16%        N/A       32%         3
 Gell's Gravitas          Tloc           3%         N/A       52%         3
 Teleport Other           Tloc           3%         N/A       52%         3
 Iskenderun's Mystic Bla  Conj/Tloc      14%        2d5       54%         4
 Blade Hands              Tmut           1%         N/A       99%         5
 Iron Shot                Conj/Erth      8%         9d3       100%        6
 Shatter                  Erth           5%         3d8*      100%        9


Dungeon Overview and Level Annotations

Branches:
Dungeon (6/15)             Temple (1/1) D:4

Altars:
Cheibriados
Dithmenos
Kikubaaqudgha
Makhleb
Nemelex Xobeh
Okawaru
Qazlal
Trog
Xom
Yredelemnul
Zin
The Shining One

Shops:
D:2 [

Annotations:
D:3 3 runed translucent doors, javelincjr's ghost, amateur DjHW


Innate Abilities, Weirdness & Mutations

Your dull iron-grey scales are very hard. (AC +11)
You are amphibious.
You cannot fit into any form of body armour.
You are cold-blooded and may be slowed by cold attacks.


Message History

You kill the iguana!
You see here an iguana corpse.
You see here an iguana corpse.
The electric eel shoots out a bolt of lightning at you!
The bolt of electricity hits you.
The electric eel shoots out a bolt of lightning at you!
The bolt of electricity hits you.
The electric eel shoots out a bolt of lightning at you!
The bolt of electricity hits you!
You barely miss the electric eel.
The electric eel shoots out a bolt of lightning at you!
The bolt of electricity hits you!
You miss the electric eel.
The electric eel shoots out a bolt of lightning at you!
The bolt of electricity hits you!
The electric eel shoots out a bolt of lightning at you!
The bolt of electricity hits you!
* * * LOW HITPOINT WARNING * * *
You closely miss the electric eel.
Your tail-slap misses the electric eel.
Press: ? - help, v - describe, . - travel
Here: an electric eel (water) Some deep water.
Casting: Searing Ray (safe; 3% risk of failure)
Confirm with . or Enter, or press ? or * to list all spells.
Okay, then.
Casting: Searing Ray (safe; 3% risk of failure)
Confirm with . or Enter, or press ? or * to list all spells.
Aiming: Searing Ray (safe; 3% risk of failure)
Press: ? - help, Shift-Dir - straight line, f - electric eel
Aim: an electric eel (water, 66% to hit)
Okay, then.
Unknown command.
Press: ? - help, v - describe, . - travel
Here: an electric eel (water) Some deep water.
You hit the electric eel but do no damage.
Your tail-slap misses the electric eel.
The electric eel shoots out a bolt of lightning at you!
The bolt of electricity hits you!
You die...

~~~~~~~~...# #.
♣~P♣~~~~PP~♣~#.### #.
~PPP~~~~~~♣~....# ##.
♣~P≈≈≈~P~~♣♣....###..
♣♣♣~~~≈≈≈≈≈~~♣.....#[..
#♣P~~~≈≈≈≈≈≈~~♣P........
#~~~~≈≈≈≈≈≈≈P~~♣........
#♣♣~~≈≈S≈≈≈≈≈~~P###.....
#P~~≈≈≈@≈≈≈≈≈~♣~###.....
#P♣~~≈≈≈≈≈≈≈~~♣♣..#.....
♣P≈≈≈≈≈≈≈≈~P♣~..).##.. #
♣P~≈≈≈≈≈≈≈~~~♣...####.
#P♣~~≈≈≈≈≈≈≈P~~~..#####.
#~~~~≈≈≈≈≈♣P~♣♣..##....
#~♣~~~~~≈~~~~♣........#
#♣♣~~~~~~~~~~P#.#####.#
♣P~~~~P~♣~♣~#.####...


You could see an electric eel.

Vanquished Creatures
  A black bear (D:6)
  An ice beast (D:5)
  A centaur (D:6)
  A phantom (D:5)
  A jelly (D:5)
  A hound (D:5)
  Jessica (D:2)
  5 iguanas (D:6)
  A scorpion zombie (D:3)
  5 orc wizards
  2 sleepcaps
  A hound zombie (D:3)
  Robin (D:2)
  13 adders
  A shadow imp (D:5)
  A white imp (D:6)
  6 worms
  4 dart slugs
  20 orcs
  7 bats
  6 endoplasms
  5 giant cockroaches
  17 goblins
  12 hobgoblins
  6 jackals
  2 kobolds
  2 quokkas
  6 ball pythons
  A frilled lizard (D:2)
  3 rats
134 creatures vanquished.

Notes
Turn   | Place    | Note
-------+----------+-------------------------------------------
     0 | D:1      | monsoonserge the Draconian Conjurer began the quest for the
                  | Orb.
     0 | D:1      | Reached XP level 1. HP: 14/14 MP: 3/3
    22 | D:1      | You fall into a shaft and drop 1 floor!
   234 | D:2      | Reached XP level 2. HP: 20/20 MP: 0/5
   237 | D:2      | Learned a level 2 spell: Searing Ray
   826 | D:1      | Reached XP level 3. HP: 26/26 MP: 4/6
  1034 | D:2      | Reached skill level 5 in Conjurations
  1204 | D:2      | Found Ewnuil's Antique Armour Boutique.
  1363 | D:2      | Reached XP level 4. HP: 34/34 MP: 2/7
  1369 | D:2      | Learned a level 4 spell: Fulminant Prism
  1536 | D:2      | Noticed Robin
  1640 | D:2      | Killed Robin
  1737 | D:2      | Found a faded altar of an unknown god.
  1827 | D:2      | Noticed Jessica
  1829 | D:2      | Killed Jessica
  1830 | D:2      | Reached XP level 5. HP: 39/39 MP: 4/8
  2053 | D:3      | Noticed javelincjr's ghost (amateur DjHW)
  2093 | D:3      | Reached skill level 1 in Hexes
  2099 | D:3      | Reached skill level 1 in Fighting
  2163 | D:3      | Found a basalt altar of Yredelemnul.
  2234 | D:3      | Found a runed translucent gate.
  2234 | D:3      | Found a runed translucent gate.
  2234 | D:3      | Found a runed translucent gate.
  2302 | D:3      | Reached skill level 1 in Short Blades
  3077 | D:3      | Reached XP level 6. HP: 47/47 MP: 9/9
  3378 | D:4      | Found a staircase to the Ecumenical Temple.
  3401 | D:4      | Identified the +9 war axe of Zin, Flying {flame, rCorr}
  3412 | Temple   | Entered the Ecumenical Temple
  3452 | D:4      | Reached skill level 1 in Shields
  3662 | D:4      | Found a burning altar of Makhleb.
  3662 | D:4      | Noticed a cacodemon
  3805 | D:4      | Got the Annotations on Bedrock
  3906 | D:4      | Found a shimmering altar of Xom.
  3906 | D:4      | Found a sparkling altar of Nemelex Xobeh.
  3922 | D:5      | Entered Level 5 of the Dungeon
  4270 | D:5      | Noticed an ice beast
  4275 | D:5      | Killed an ice beast
  4276 | D:5      | Reached skill level 1 in Axes
  4276 | D:5      | Your scales start taking on a dull iron-grey colour.
  4276 | D:5      | Reached XP level 7. HP: 56/56 MP: 11/11
  4283 | D:5      | Learned a level 3 spell: Stone Arrow
  4840 | D:6      | Reached skill level 1 in Earth Magic
  5269 | D:6      | Reached XP level 8. HP: 57/62 MP: 6/12
  5345 | D:6      | Killed from afar by an electric eel

Illustrated notes

Levels and vault maps discovered:
D:1:      eino_arrival_tree_alley, layout_loops_ring
D:2:      layout_loops_cross, serial_shops, shop,
          shapermc_ecumenical_altar_starsandcircs, kennysheep_generic_room_10,
          uniq_jessica, uniq_robin
D:3:      layout_loops_cross, lemuel_zombie_altar_yredelemnul,
          gammafunk_ghost_icy
D:4:      layout_basic, makhleb_altar_promises_db,
          gammafunk_temple_overflow_elements, minmay_temple_entry_mini_moons
D:5:      minmay_diamond_boxcup, layout_loops_ring
D:6:      layout_rooms, serial_bayou_lake_a
Temple:   hellmonk_temple_two_chambers

Skill      XL: |  1  2  3  4  5  6  7 |
---------------+----------------------+-----
Stealth        | 2 |  2.9
Conjurations   | 5 |  5.6
Dodging        | 2 3 |  3.1
Hexes          | 1 2 |  2.8
Fighting       | 1 2 |  2.7
Short Blades   | 1 |  1.5
Shields        | 2 3 |  3.4
Axes           | 1 2 |  2.8
Spellcasting   | 3 |  3.0
Earth Magic    | 1 |  1.8
Throwing       | |  0.2

Action                     |  1- 3 |  4- 6 |  7- 9 || total
---------------------------+-------+-------+-------++-------
  Melee: Long sword        |     1 |       |       ||     1
         Dagger            |    49 |   134 |       ||   183
         Tailslap          |     7 |    18 |     3 ||    28
         War axe           |       |    32 |    42 ||    74
  Throw: Boomerang         |     3 |     2 |       ||     5
   Cast: Magic Dart        |    39 |     2 |       ||    41
         Searing Ray       |     2 |    16 |     3 ||    21
   Stab: Sleeping          |     1 |     5 |     1 ||     7
 Armour: Skin              |    14 |    65 |    19 ||    98
  Dodge: Dodged            |    21 |    90 |    28 ||   139
  Block: Buckler           |       |    20 |     8 ||    28
